Map: Persephone LE

Players

Scrub - Winner!

  • Race: Protoss Protoss
  • League: Diamond
  • Spawn Location: 7:00

VOD

Have the link to the VOD?

Description

Time

  • Played on: June 8, 2025, 9:38 a.m.
  • Length: 10:35
Show
View Real Time Build Order
Export as new Build Order

Scrub Protoss - Winner!

Build Orders:  

Get SALT Encoding   

  12  0:03  Probe (Chrono Boost)  
  14  0:21  Probe (Chrono Boost)  
  14  0:27  Pylon  
  14  0:38  Probe (Chrono Boost)  
  15  0:55  Probe (Chrono Boost)  
  15  0:56  Gateway  
  16  1:06  Assimilator  
  16  1:08  Probe (Chrono Boost)  
  16  1:19  Probe (Chrono Boost)  
  18  1:32  Probe (Chrono Boost)  
  19  1:49  Probe (Chrono Boost), Pylon  
  20  2:14  Nexus  
  20  2:29  Cybernetics Core  
  20  2:35  Probe (Chrono Boost)  
  21  2:52  Probe (Chrono Boost)  
  21  2:55  Assimilator  
  22  3:10  Pylon  
  22  3:16  Stalker  
  24  3:37  Probe (Chrono Boost)  
  25  3:48  Twilight Council  
  25  3:54  Probe (Chrono Boost)  
  26  4:00  Warp Gate  
  27  4:11  Probe (Chrono Boost)  
  27  4:19  Probe (Chrono Boost)  
  28  4:28  Probe (Chrono Boost)  
  29  4:31  Probe (Chrono Boost)  
  30  4:40  Robotics Facility  
  30  4:43  Probe (Chrono Boost)  
  30  4:45  Probe (Chrono Boost)  
  30  4:49  Forge  
  32  4:56  Probe (Chrono Boost)  
  34  5:02  Probe (Chrono Boost)  
  34  5:13  Probe (Chrono Boost)  
  34  5:19  Probe (Chrono Boost), Protoss Ground Weapons Level 1  
  36  5:33  Gateway  
  36  5:38  Gateway  
  36  5:39  Gateway  
  36  5:43  Gateway  
  36  5:48  Probe x2 (Chrono Boost)  
  38  5:56  Pylon  
  38  6:04  Warp Prism  
  41  6:11  Probe (Chrono Boost)  
  41  6:13  Probe (Chrono Boost)  
  42  6:25  Stalker  
  44  6:30  Blink  
  44  6:43  Pylon  
  44  6:49  Stalker  
  46  6:53  Stalker  
  46  6:56  Stalker  
  46  6:58  Stalker  
  46  6:59  Stalker  
  54  7:09  Pylon  
  54  7:23  Stalker  
  54  7:25  Stalker  
  54  7:28  Stalker  
  60  7:31  Stalker  
  60  7:34  Stalker  
  64  8:03  Zealot x3  
  70  8:17  Pylon  
  70  8:19  Pylon  
  70  8:23  Pylon  
  60  9:07  Stalker  
  60  9:08  Stalker x4  
  68  9:58  Zealot x3  
  68  9:59  Zealot x2  
Tags
 
Add a new tag
Caveats
  • Supply blocks, unpowered buildings, or Contaminate may cause inaccurate times.
  • Supply counts are checked every 10 seconds.